[Event "IIFL Wealth 4th Mumbai Open"]
[Site "Mumbai"]
[Date "2019.01.03"]
[Round "5"]
[White "Sa, Kannan"]
[Black "Tejes Suresh Kumar"]
[Result "1-0"]
[ECO "A01"]
[WhiteElo "2069"]
[BlackElo "1618"]
[Annotator "NA"]
[PlyCount "119"]
[EventDate "2018.12.30"]
[EventType "swiss"]
[EventCountry "IND"]
[SourceTitle "playchess.com"]
[Source "ChessBase"]
[SourceQuality "1"]
[TimeControl "40/5400+30:1800+30"]

1. b3 e5 2. Bb2 Nc6 3. e3 d5 4. Nf3 Bd6 5. Bb5 Bg4 6. h3 Bxf3 7. Qxf3 Nf6 8. c4 O-O 9. Bxc6 bxc6 10. c5 Bxc5 11. Bxe5 Re8 12. Bxf6 Qxf6 13. Qxf6 gxf6 14. Nc3 d4 15. Na4 Ba3 16. Ke2 Rad8 17. d3 Re6 18. g4 dxe3 19. fxe3 Rde8 20. e4 Rd8 21. Rhf1 Red6 22. Rad1 Rb8 23. Rf5 Rb5 24. Rdf1 Kg7 25. Nc3 Rxf5 26. Rxf5 Bb2 27. Kd2 Ba3 28. Ra5 Bb4 29. Rxa7 f5 30. exf5 Rh6 31. a3 Bd6 32. Ne4 Bf4+ 33. Kc3 Rxh3 34. Ra8 Be5+ 35. Kc4 Rh4 36. g5 f6 37. gxf6+ Bxf6 38. Ra6 Rf4 39. Rxc6 Be5 40. a4 h5 41. f6+ Kf7 42. Rc5 Bxf6 43. Rxh5 Rf1 44. Nxf6 Kxf6 45. Rc5 Rc1+ 46. Kb5 Rb1 47. b4 Rd1 48. Rxc7 Rxd3 49. a5 Rd5+ 50. Kb6 Rd4 51. b5 Ke5 52. a6 Rd6+ 53. Kb7 Rd5 54. b6 Rd8 55. a7 Kd6 56. Rc8 Rd7+ 57. Kb8 Ke6 58. a8=Q Rd6 59. Qe4+ Kd7 60. Qe8# 1-0

[Event "IIFL Wealth 4th Mumbai Open"]
[Site "Mumbai"]
[Date "2019.01.03"]
[Round "5"]
[White "Vahdatian, Davood"]
[Black "Tanuj, Dayal"]
[Result "1-0"]
[ECO "B43"]
[WhiteElo "2036"]
[BlackElo "1803"]
[Annotator "NA"]
[PlyCount "173"]
[EventDate "2018.12.30"]
[EventType "swiss"]
[EventCountry "IND"]
[SourceTitle "playchess.com"]
[Source "ChessBase"]
[SourceQuality "1"]
[TimeControl "40/5400+30:1800+30"]

1. e4 c5 2. Nf3 e6 3. d4 cxd4 4. Nxd4 a6 5. Nc3 Qc7 6. Bd3 Nf6 7. f4 Bb4 8. Bd2 d6 9. Qf3 Nc6 10. Nb3 Bxc3 11. Bxc3 e5 12. O-O O-O 13. f5 g6 14. g4 Bd7 15. Bd2 Kg7 16. Qg3 Qd8 17. Qh4 h5 18. gxh5 Nxh5 19. f6+ Kh7 20. Rf5 Bxf5 21. exf5 Kg8 22. Bg5 Nd4 23. Nxd4 Qb6 24. fxg6 Qxd4+ 25. Qxd4 exd4 26. Bc4 Rac8 27. gxf7+ Rxf7 28. Bxf7+ Kxf7 29. Re1 Kg6 30. h4 Ng3 31. Kf2 Nf5 32. Re2 Rh8 33. Re4 Rc8 34. Re2 Rh8 35. Rd2 Nxh4 36. Bxh4 Rxh4 37. Kg3 Re4 38. Kf3 Rh4 39. Kg3 Re4 40. Rf2 Kf7 41. Kf3 Re6 42. Rh2 Rxf6+ 43. Ke4 Ke6 44. Kxd4 Rf4+ 45. Kd3 Kd5 46. Rh8 Kc6 47. b3 Rg4 48. a3 Rg3+ 49. Kd4 Rg4+ 50. Kc3 Rg3+ 51. Kb4 Rg4+ 52. Ka5 Rg5+ 53. Ka4 Rg4+ 54. b4 Rg3 55. c3 Kc7 56. Kb3 Rg4 57. a4 Rf4 58. a5 Rg4 59. Rh6 Rf4 60. Kc2 Rf3 61. Rh4 Rg3 62. Rc4+ Kd7 63. Kb3 Rg1 64. Rh4 Rb1+ 65. Kc4 Kc6 66. Rh6 Rg1 67. Kb3 Rb1+ 68. Kc2 Rg1 69. c4 Kc7 70. b5 axb5 71. cxb5 Rg7 72. Kc3 Rf7 73. Rh5 Rg7 74. Kd4 Rg4+ 75. Kd5 Rg7 76. Ke6 Rg6+ 77. Kf5 Rg7 78. Kf6 Rg1 79. Rh7+ Kc8 80. Ke6 Re1+ 81. Kxd6 Rd1+ 82. Kc5 Rd8 83. Kb6 Rd6+ 84. Ka7 Rd1 85. Rxb7 Ra1 86. a6 Rh1 87. Rg7 1-0

[Event "IIFL Wealth 4th Mumbai Open"]
[Site "Mumbai"]
[Date "2019.01.03"]
[Round "5"]
[White "Thatte, Ashish P"]
[Black "Dhanvij Ansh"]
[Result "1/2-1/2"]
[ECO "A00"]
[WhiteElo "1957"]
[BlackElo "1523"]
[Annotator "NA"]
[PlyCount "80"]
[EventDate "2018.12.30"]
[EventType "swiss"]
[EventCountry "IND"]
[SourceTitle "playchess.com"]
[Source "ChessBase"]
[SourceQuality "1"]
[TimeControl "40/5400+30:1800+30"]

1. a3 Nf6 2. Nf3 b6 3. g3 e6 4. Bg2 Bb7 5. O-O Be7 6. d3 O-O 7. Nbd2 d6 8. Re1 c5 9. e4 Nbd7 10. b3 b5 11. Bb2 Rc8 12. Qe2 a5 13. a4 b4 14. e5 dxe5 15. Nxe5 Bxg2 16. Kxg2 Nxe5 17. Bxe5 Nd7 18. Rad1 Nxe5 19. Qxe5 Bf6 20. Qe4 Bc3 21. Re3 Bxd2 22. Rxd2 Qd7 23. Rde2 Rfd8 24. Kg1 g6 25. h4 Qc7 26. Qe5 Qc6 27. Qf6 Qd6 28. h5 Qf8 29. Rf3 Qg7 30. Qe7 Rd5 31. Rxe6 Rxh5 32. Qe8+ Rxe8 33. Rxe8+ Qf8 34. Rxf8+ Kxf8 35. Rf6 Re5 36. Rc6 Ke7 37. Kf1 Rh5 38. Ra6 Rh1+ 39. Ke2 Rc1 40. Kd2 Rf1 1/2-1/2

[Event "IIFL Wealth 4th Mumbai Open"]
[Site "Mumbai"]
[Date "2019.01.03"]
[Round "5"]
[White "Aditya, Varun Gampa"]
[Black "Deepak, Rai"]
[Result "1-0"]
[ECO "B07"]
[WhiteElo "1809"]
[BlackElo "1710"]
[Annotator "NA"]
[PlyCount "121"]
[EventDate "2018.12.30"]
[EventType "swiss"]
[EventCountry "IND"]
[SourceTitle "playchess.com"]
[Source "ChessBase"]
[SourceQuality "1"]
[TimeControl "40/5400+30:1800+30"]

1. e4 d6 2. d4 Nf6 3. Nc3 Nbd7 4. g4 h6 5. h3 e5 6. Nge2 b5 7. a3 Bb7 8. Bg2 a5 9. Ng3 b4 10. Nce2 d5 11. exd5 Bxd5 12. Bxd5 Nxd5 13. axb4 Bxb4+ 14. c3 Be7 15. O-O O-O 16. f4 exf4 17. Nxf4 N7b6 18. Nf5 Bg5 19. Nxd5 Nxd5 20. Qf3 Ne7 21. Bxg5 hxg5 22. Nxe7+ Qxe7 23. Rae1 Qd6 24. Re5 f6 25. Qd5+ Qxd5 26. Rxd5 a4 27. Rc5 Rfb8 28. Rf2 Rb7 29. Re2 Kf7 30. Kf2 Re8 31. Rd2 Reb8 32. Ke3 Ke7 33. Rc4 Kd6 34. Rxa4 Rxb2 35. Ra2 Rb1 36. Kd3 Rg1 37. Ra6+ Kd7 38. Kc4 Rg3 39. Re2 Re8 40. Rxe8 Kxe8 41. Ra8+ Kd7 42. Rg8 Rxh3 43. Rxg7+ Kd6 44. Rf7 Rf3 45. Kb4 Rf4 46. Kb5 c6+ 47. Kb6 Rf1 48. Kb7 Rb1+ 49. Kc8 Ke6 50. Rc7 Kd6 51. c4 Rd1 52. Rd7+ Ke6 53. Kc7 c5 54. Rd6+ Ke7 55. dxc5 Ra1 56. Rd4 f5 57. gxf5 Kf6 58. c6 Kxf5 59. Kd7 g4 60. c7 g3 61. c8=Q 1-0

[Event "IIFL Wealth 4th Mumbai Open"]
[Site "Mumbai"]
[Date "2019.01.03"]
[Round "5"]
[White "Aditya, Varun Gampa"]
[Black "Deepak, Rai"]
[Result "*"]
[ECO "B07"]
[WhiteElo "1809"]
[BlackElo "1710"]
[Annotator "NA"]
[PlyCount "26"]
[EventDate "2018.12.30"]
[EventType "swiss"]
[EventCountry "IND"]
[SourceTitle "playchess.com"]
[Source "ChessBase"]
[SourceQuality "1"]
[TimeControl "40/5400+30:1800+30"]

1. e4 d6 2. d4 Nf6 3. Nc3 Nbd7 4. g4 h6 5. h3 e5 6. Nge2 b5 7. a3 Bb7 8. Bg2 a5 9. Ng3 b4 10. Nce2 d5 11. exd5 Bxd5 12. Bf3 Be4 13. Bxe4 Nd5 *

[Event "IIFL Wealth 4th Mumbai Open"]
[Site "Mumbai"]
[Date "2019.01.03"]
[Round "5"]
[White "Barde, Om"]
[Black "Sheikh Jahan"]
[Result "0-1"]
[ECO "B06"]
[WhiteElo "1801"]
[BlackElo "1526"]
[Annotator "NA"]
[PlyCount "158"]
[EventDate "2018.12.30"]
[EventType "swiss"]
[EventCountry "IND"]
[SourceTitle "playchess.com"]
[Source "ChessBase"]
[SourceQuality "1"]
[TimeControl "40/5400+30:1800+30"]

1. e4 g6 2. d4 Bg7 3. c3 d6 4. Bd3 Nf6 5. Bf1 Ng8 6. Bd3 Nf6 7. Bf1 Ng8 8. Bd3 Nf6 9. Bf1 Ng8 10. Bd3 Nf6 11. Bf1 Ng8 12. Bd3 Nf6 13. Bf1 Ng8 14. Bd3 Nf6 15. Ne2 Nc6 16. O-O e5 17. d5 Ne7 18. c4 O-O 19. Nbc3 Nh5 20. Nb1 Nf6 21. Nbc3 Nh5 22. Nb1 Nf6 23. Nbc3 Nh5 24. Nb1 Nf6 25. Nbc3 Nh5 26. Nb1 Nf6 27. Nbc3 Nh5 28. Nb1 Nf6 29. Nbc3 Nh5 30. Nb1 Nf6 31. Nbc3 Nh5 32. Nb1 Nf6 33. Nbc3 Nh5 34. Be3 f5 35. f3 f4 36. Bf2 g5 37. Rc1 Nf6 38. Ra1 Nh5 39. Rc1 Nf6 40. c5 Rf7 41. cxd6 cxd6 42. Nb5 Ng6 43. Nbc3 Ne7 44. Nb5 Ng6 45. Nbc3 Ne7 46. Nb5 Ng6 47. Nbc3 Ne7 48. Nb5 Ng6 49. Qc2 Ne8 50. Qd1 Nf6 51. Qc2 Ne8 52. Qd1 Nf6 53. Qc2 Ne8 54. Qd1 Nf6 55. Qc2 Ne8 56. Qd1 Nf6 57. Qc2 Ne8 58. Qd1 Nf6 59. Qc2 Ne8 60. Qd1 Nf6 61. Qc2 Ne8 62. Qd1 Nf6 63. Qc2 Ne8 64. Qd1 Nf6 65. Qc2 Ne8 66. Qd1 Nf6 67. Qc2 Ne8 68. Qd1 Nf6 69. Qc2 Ne8 70. Nxa7 Bd7 71. Nb5 Bc8 72. Na7 Bd7 73. Nb5 Bc8 74. Na7 Bd7 75. Qb3 Bc8 76. Qc2 Bd7 77. Qb3 Bc8 78. Qc2 Bd7 79. Qb3 g4 0-1

[Event "IIFL Wealth 4th Mumbai Open"]
[Site "Mumbai"]
[Date "2019.01.03"]
[Round "5"]
[White "Abhinessh, S."]
[Black "Samrat, Ghorai"]
[Result "1/2-1/2"]
[ECO "B40"]
[WhiteElo "1790"]
[BlackElo "1984"]
[Annotator "NA"]
[PlyCount "163"]
[EventDate "2018.12.30"]
[EventType "swiss"]
[EventCountry "IND"]
[SourceTitle "playchess.com"]
[Source "ChessBase"]
[SourceQuality "1"]
[TimeControl "40/5400+30:1800+30"]

1. e4 c5 2. Nf3 e6 3. c3 d5 4. exd5 exd5 5. d4 Nc6 6. Be3 Qb6 7. b3 Nf6 8. Be2 Bd6 9. O-O O-O 10. h3 Re8 11. Nbd2 h6 12. a4 a5 13. Bb5 Bd7 14. Qb1 Re7 15. Qb2 Rae8 16. Rac1 cxd4 17. Nxd4 Nxd4 18. Bxd4 Bc5 19. Bxc5 Qxc5 20. Bd3 Nh5 21. Nf3 Ng3 22. Rfe1 Bf5 23. b4 Qb6 24. Bb5 Bd7 25. Bd3 Ne4 26. Bxe4 dxe4 27. Nd4 axb4 28. Qxb4 Qxb4 29. cxb4 Bxa4 30. Nf5 Re6 31. Rc7 Bc6 32. Rb1 Bd5 33. Rd1 Bc6 34. Rb1 Re5 35. Nd6 R8e7 36. Rxe7 Rxe7 37. b5 Bd5 38. Rd1 Bb3 39. Rc1 g6 40. Rc3 Bd5 41. Rc5 Bb3 42. Rc3 Ba2 43. Rc2 Be6 44. b6 Rd7 45. Nxe4 Rd1+ 46. Kh2 Bf5 47. Nf6+ Kg7 48. Ne8+ Kf8 49. Re2 Rb1 50. Nd6 Rxb6 51. Nxf5 gxf5 52. Re5 Rf6 53. Kg3 Kg7 54. Kf4 Kg6 55. Rb5 b6 56. h4 Rc6 57. h5+ Kxh5 58. Kxf5 Rg6 59. Kf4+ Kh4 60. Rb1 Rf6+ 61. Ke3 Kg5 62. Rb5+ Kg6 63. g4 Rd6 64. Ke4 Kf6 65. Rf5+ Ke7 66. f4 Re6+ 67. Kf3 Rf6 68. Rd5 Rc6 69. Rh5 Kd7 70. Rd5+ Rd6 71. Rf5 Ke7 72. Re5+ Kd7 73. Rf5 f6 74. Rh5 Ke6 75. Rxh6 b5 76. g5 Kf7 77. f5 Kg7 78. Rg6+ Kf7 79. Rxf6+ Rxf6 80. gxf6 Kxf6 81. Ke4 b4 82. Kd4 1/2-1/2

[Event "IIFL Wealth 4th Mumbai Open"]
[Site "Mumbai"]
[Date "2019.01.03"]
[Round "5"]
[White "Boramanikar, Tanisha S"]
[Black "Negi Augustiya"]
[Result "1-0"]
[ECO "C65"]
[WhiteElo "1782"]
[BlackElo "1521"]
[Annotator "NA"]
[PlyCount "99"]
[EventDate "2018.12.30"]
[EventType "swiss"]
[EventCountry "IND"]
[SourceTitle "playchess.com"]
[Source "ChessBase"]
[SourceQuality "1"]
[TimeControl "40/5400+30:1800+30"]

1. e4 e5 2. Nf3 Nc6 3. Bb5 Nf6 4. O-O Bc5 5. Re1 d6 6. c3 O-O 7. d4 exd4 8. cxd4 Bb4 9. Nc3 Bg4 10. Bxc6 bxc6 11. Qd3 h6 12. a3 Ba5 13. Bf4 Re8 14. e5 Nd5 15. Bg3 Bxc3 16. bxc3 Qd7 17. c4 Ne7 18. Qc3 Ng6 19. h3 Bf5 20. Qa5 Be6 21. d5 cxd5 22. cxd5 Bf5 23. exd6 cxd6 24. Nd4 Ne5 25. Bxe5 dxe5 26. Nc6 Qd6 27. Rac1 Bd7 28. Rc3 Bxc6 29. Rxc6 Qd8 30. Qc5 Qd7 31. Rc7 Qa4 32. d6 Red8 33. Qxe5 Rd7 34. Qd5 Rad8 35. Rxd7 Qxd7 36. Re7 Qxe7 37. dxe7 Rxd5 38. e8=Q+ Kh7 39. Qe4+ Kg8 40. Qxd5 g6 41. Qa8+ Kg7 42. Qxa7 h5 43. a4 g5 44. a5 Kg6 45. a6 f6 46. Qe7 Kf5 47. a7 g4 48. a8=Q gxh3 49. Qae4+ Kg5 50. Qg7# 1-0

[Event "IIFL Wealth 4th Mumbai Open"]
[Site "Mumbai"]
[Date "2019.01.03"]
[Round "5"]
[White "Kapadi, Yash"]
[Black "Ratnapriya K"]
[Result "0-1"]
[ECO "A46"]
[WhiteElo "1749"]
[BlackElo "1508"]
[Annotator "NA"]
[PlyCount "70"]
[EventDate "2018.12.30"]
[EventType "swiss"]
[EventCountry "IND"]
[SourceTitle "playchess.com"]
[Source "ChessBase"]
[SourceQuality "1"]
[TimeControl "40/5400+30:1800+30"]

1. d4 Nf6 2. Nf3 e6 3. g3 b5 4. Bg2 Bb7 5. O-O c5 6. a3 Be7 7. dxc5 Bxc5 8. b4 Be7 9. Bb2 O-O 10. Qd3 a6 11. Ng5 Bxg2 12. Kxg2 h6 13. Bxf6 hxg5 14. Bb2 d5 15. Nd2 Nd7 16. f4 gxf4 17. Rxf4 Bg5 18. Rf2 Qc7 19. Nf3 Be7 20. Rd1 Rac8 21. e4 Nb6 22. exd5 Nxd5 23. Be5 Qc4 24. Qd2 Qxc2 25. Qxc2 Ne3+ 26. Kg1 Nxc2 27. Rd3 a5 28. Rd7 Rfe8 29. Nd4 Nxd4 30. Bxd4 axb4 31. axb4 Rcd8 32. Rxd8 Rxd8 33. Bc3 Rc8 34. Be1 Rc1 35. Re2 Bxb4 0-1

[Event "IIFL Wealth 4th Mumbai Open"]
[Site "Mumbai"]
[Date "2019.01.03"]
[Round "5"]
[White "Shivasubramanian, R."]
[Black "Kothari, Swapnil"]
[Result "1-0"]
[ECO "D00"]
[WhiteElo "1738"]
[BlackElo "1870"]
[Annotator "NA"]
[PlyCount "113"]
[EventDate "2018.12.30"]
[EventType "swiss"]
[EventCountry "IND"]
[SourceTitle "playchess.com"]
[Source "ChessBase"]
[SourceQuality "1"]
[TimeControl "40/5400+30:1800+30"]

1. d4 d5 2. Bf4 Nf6 3. e3 e6 4. Bd3 c5 5. c3 Nc6 6. Nf3 Bd7 7. h3 Rc8 8. Nbd2 cxd4 9. exd4 Be7 10. O-O O-O 11. Ne5 Be8 12. Re1 b5 13. Ng4 Na5 14. Qb1 Nxg4 15. hxg4 h6 16. Re3 Bd6 17. Bxd6 Qxd6 18. g5 Nc4 19. Bxc4 bxc4 20. gxh6 g6 21. Nf3 Qf4 22. Ne5 Rb8 23. Qc2 Rb6 24. Rf3 Qxh6 25. Rh3 Qf4 26. Re1 Kg7 27. Ree3 f6 28. Ref3 Qg5 29. Rfg3 Qf5 30. Qc1 g5 31. Rf3 fxe5 32. Rxf5 Rxf5 33. dxe5 Rxe5 34. Qd2 Rf5 35. Qd4+ e5 36. Qxd5 Rbf6 37. Qc5 a6 38. Qe7+ Bf7 39. Qd8 Bg8 40. Rg3 Bf7 41. Qd2 Kg6 42. Re3 Re6 43. Qc2 Kf6 44. Rh3 Bg6 45. Rh6 g4 46. Qd2 Ke7 47. Qe3 Kf6 48. b3 Kg7 49. Rh4 Rd6 50. bxc4 Kf6 51. c5 Rd1+ 52. Kh2 Rf4 53. c6 Rd3 54. Qc5 g3+ 55. fxg3 Rf1 56. Qf8+ Bf7 57. Rh6+ 1-0

[Event "IIFL Wealth 4th Mumbai Open"]
[Site "Mumbai"]
[Date "2019.01.03"]
[Round "5"]
[White "Arhan, Chethan Anand"]
[Black "Marium Fatima"]
[Result "1-0"]
[ECO "D36"]
[WhiteElo "1710"]
[BlackElo "1494"]
[Annotator "NA"]
[PlyCount "94"]
[EventDate "2018.12.30"]
[EventType "swiss"]
[EventCountry "IND"]
[SourceTitle "playchess.com"]
[Source "ChessBase"]
[SourceQuality "1"]
[TimeControl "40/5400+30:1800+30"]

1. d4 Nf6 2. c4 e6 3. Nc3 d5 4. cxd5 exd5 5. Bg5 c6 6. Qc2 Be7 7. e3 Bg4 8. Bd3 Nbd7 9. Nge2 Bxe2 10. Bxe2 O-O 11. O-O Re8 12. Bd3 Qc7 13. h3 h6 14. Bh4 Bd6 15. Bxf6 Nxf6 16. a3 Re7 17. b4 a6 18. Qb3 Qb6 19. Rae1 Rae8 20. Qd1 a5 21. Na4 Qa7 22. Qb3 b5 23. Nb2 axb4 24. axb4 Qb6 25. Rc1 Ra8 26. Rc2 Nd7 27. Rfc1 Nb8 28. Qc3 Rea7 29. Bf1 Ra3 30. Qe1 Rb3 31. Nd3 Ra4 32. e4 Qxd4 33. exd5 Qxd5 34. Qe8+ Kh7 35. Nc5 Bxc5 36. Rxc5 Qd6 37. Qxf7 Raxb4 38. Be2 Qf6 39. Qe8 Qd6 40. Bd1 Rb2 41. Bc2+ Rxc2 42. R1xc2 Rd4 43. Re2 Qd8 44. Re6 Qg5 45. Rc3 Rd8 46. Qe7 Rc8 47. Rg3 Rg8 1-0

[Event "IIFL Wealth 4th Mumbai Open"]
[Site "Mumbai"]
[Date "2019.01.03"]
[Round "5"]
[White "Arhan, Chethan Anand"]
[Black "Marium Fatima"]
[Result "*"]
[ECO "D36"]
[WhiteElo "1710"]
[BlackElo "1494"]
[Annotator "NA"]
[PlyCount "59"]
[EventDate "2018.12.30"]
[EventType "swiss"]
[EventCountry "IND"]
[SourceTitle "playchess.com"]
[Source "ChessBase"]
[SourceQuality "1"]
[TimeControl "40/5400+30:1800+30"]

1. d4 Nf6 2. c4 e6 3. Nc3 d5 4. cxd5 exd5 5. Bg5 c6 6. Qc2 Be7 7. e3 Bg4 8. Bd3 Nbd7 9. Nge2 Bxe2 10. Bxe2 O-O 11. O-O Re8 12. Bd3 Qc7 13. h3 h6 14. Bh4 Bd6 15. Bxf6 Nxf6 16. a3 Re7 17. b4 a6 18. Qb3 Qb6 19. Rae1 a5 20. Na4 Qa7 21. Rc1 b5 22. Nb2 axb4 23. axb4 Qb6 24. Rc2 Nd7 25. Rfc1 Nb8 26. Qc3 Rea7 27. Bf1 Ra3 28. Qe1 Rb3 29. Nd3 Qxd4 30. e4 *

[Event "IIFL Wealth 4th Mumbai Open"]
[Site "Mumbai"]
[Date "2019.01.03"]
[Round "5"]
[White "Tamhankar, Siddhant"]
[Black "Shravan, Swaminathan"]
[Result "1-0"]
[ECO "B14"]
[WhiteElo "1704"]
[BlackElo "1488"]
[Annotator "NA"]
[PlyCount "71"]
[EventDate "2018.12.30"]
[EventType "swiss"]
[EventCountry "IND"]
[SourceTitle "playchess.com"]
[Source "ChessBase"]
[SourceQuality "1"]
[TimeControl "40/5400+30:1800+30"]

1. e4 c6 2. d4 d5 3. exd5 cxd5 4. c4 e6 5. Nc3 Nf6 6. Nf3 Nc6 7. Bd3 Bd6 8. O-O h6 9. cxd5 exd5 10. Re1+ Ne7 11. Ne5 O-O 12. Qf3 Nc6 13. Nxc6 bxc6 14. h3 Bc7 15. Bf4 Be6 16. Be5 Nd7 17. Bc2 Nxe5 18. dxe5 Qg5 19. Re2 Bxe5 20. Rae1 Bxc3 21. Qxc3 d4 22. Qxd4 Bxh3 23. f4 Qg3 24. Qe4 f5 25. Qxc6 Bg4 26. Rf2 Kh7 27. Re7 Rac8 28. Qe6 Kh8 29. Qe5 Rf6 30. Re8+ Rxe8 31. Qxe8+ Kh7 32. Bb3 h5 33. Qg8+ Kg6 34. Ba4 Rd6 35. Be8+ Kf6 36. Qf7# 1-0

[Event "IIFL Wealth 4th Mumbai Open"]
[Site "Mumbai"]
[Date "2019.01.03"]
[Round "5"]
[White "Mokashi, Rohit"]
[Black "Apoorv, Kamble"]
[Result "1/2-1/2"]
[ECO "E21"]
[WhiteElo "1641"]
[BlackElo "1458"]
[Annotator "NA"]
[PlyCount "100"]
[EventDate "2018.12.30"]
[EventType "swiss"]
[EventCountry "IND"]
[SourceTitle "playchess.com"]
[Source "ChessBase"]
[SourceQuality "1"]
[TimeControl "40/5400+30:1800+30"]

1. d4 Nf6 2. Nf3 e6 3. c4 b6 4. Nc3 Bb7 5. Bf4 Be7 6. e3 O-O 7. Bd3 Nh5 8. Bg3 Nxg3 9. hxg3 h6 10. e4 d5 11. e5 c5 12. cxd5 exd5 13. Kf1 cxd4 14. Ne2 Nc6 15. Nexd4 Nxd4 16. Nxd4 Qc7 17. Qg4 Bc8 18. e6 fxe6 19. Rxh6 Rf6 20. Rxf6 Bxf6 21. Qh5 Ba6 22. Qh7+ Kf7 23. Qg6+ Ke7 24. Nf5+ exf5 25. Bxa6 Kf8 26. Qxf5 Qe5 27. Qxe5 Bxe5 28. Rd1 Bxb2 29. Rxd5 Ke7 30. Bc4 Rd8 31. Rf5 Rf8 32. Rb5 Bd4 33. f3 Rc8 34. Bd5 Rc5 35. Rxc5 Bxc5 36. Ke2 Kd6 37. Bc4 Ke5 38. f4+ Kd4 39. Bf7 a5 40. a4 Bd6 41. Kf3 Be7 42. Kg4 Ke3 43. Kh5 Kf2 44. g4 Kxg2 45. f5 Kg3 46. g5 Kf4 47. f6 gxf6 48. g6 Bf8 49. g7 Bxg7 50. Kg6 Bf8 1/2-1/2

[Event "IIFL Wealth 4th Mumbai Open"]
[Site "Mumbai"]
[Date "2019.01.03"]
[Round "5"]
[White "Makwana, Devam"]
[Black "Iyer Vivek"]
[Result "0-1"]
[ECO "B92"]
[WhiteElo "1617"]
[BlackElo "1379"]
[Annotator "NA"]
[PlyCount "93"]
[EventDate "2018.12.30"]
[EventType "swiss"]
[EventCountry "IND"]
[SourceTitle "playchess.com"]
[Source "ChessBase"]
[SourceQuality "1"]
[TimeControl "40/5400+30:1800+30"]

1. e4 c5 2. Nf3 d6 3. d4 cxd4 4. Nxd4 Nf6 5. Nc3 a6 6. Be2 g6 7. f3 e5 8. Nb3 Bg7 9. Be3 O-O 10. Qd2 Nh5 11. O-O-O Nc6 12. Qxd6 Qxd6 13. Rxd6 Be6 14. Nc5 Nd4 15. Bxd4 exd4 16. Nxe6 fxe6 17. Na4 e5 18. Nc5 Ra7 19. Nd7 Rd8 20. Bc4+ Kh8 21. Nxe5 Rxd6 22. Nf7+ Kg8 23. Nxd6+ Kf8 24. Nc8 Ra8 25. Nb6 Ra7 26. Nd7+ Ke8 27. Nb6 Kd8 28. Rd1 Kc7 29. Nd5+ Kd6 30. c3 dxc3 31. Nxc3+ Kc5 32. Bb3 Bxc3 33. bxc3 Kc6 34. Bd5+ Kc7 35. Be6 Kb6 36. Bg4 a5 37. Rd6+ Kc7 38. Rd7+ Kc6 39. Rxh7 Nf4 40. g3 Ne2+ 41. Kd2 Ng1 42. Ke1 Kb5 43. e5 Kc6 44. e6 Ra8 45. Rd7 b5 46. e7 b4 47. Rd8 0-1

[Event "IIFL Wealth 4th Mumbai Open"]
[Site "Mumbai"]
[Date "2019.01.03"]
[Round "5"]
[White "Joel Paul G"]
[Black "Vinod, Chaturvedi"]
[Result "0-1"]
[ECO "B33"]
[WhiteElo "1603"]
[BlackElo "1387"]
[Annotator "NA"]
[PlyCount "52"]
[EventDate "2018.12.30"]
[EventType "swiss"]
[EventCountry "IND"]
[SourceTitle "playchess.com"]
[Source "ChessBase"]
[SourceQuality "1"]
[TimeControl "40/5400+30:1800+30"]

1. e4 c5 2. Nf3 Nc6 3. d4 cxd4 4. Nxd4 Nf6 5. Nc3 a6 6. Nxc6 bxc6 7. e5 Ng8 8. Bc4 d5 9. exd6 exd6 10. O-O d5 11. Nxd5 cxd5 12. Bxd5 Be6 13. Bc6+ Bd7 14. Re1+ Be7 15. Bxa8 Qxa8 16. Qd4 Nf6 17. Bg5 Be6 18. f4 Qc6 19. b4 h6 20. Bh4 Bd8 21. Rxe6+ fxe6 22. c4 O-O 23. c5 Bc7 24. Re1 Nd5 25. g3 Nxf4 26. Qe3 Nh3# 0-1

[Event "IIFL Wealth 4th Mumbai Open"]
[Site "Mumbai"]
[Date "2019.01.03"]
[Round "5"]
[White "Pingale Shivraj"]
[Black "Renganayaki V"]
[Result "1-0"]
[ECO "B27"]
[WhiteElo "1580"]
[BlackElo "1474"]
[Annotator "NA"]
[PlyCount "83"]
[EventDate "2018.12.30"]
[EventType "swiss"]
[EventCountry "IND"]
[SourceTitle "playchess.com"]
[Source "ChessBase"]
[SourceQuality "1"]
[TimeControl "40/5400+30:1800+30"]

1. e4 c5 2. Nf3 g6 3. d4 cxd4 4. Nxd4 Bg7 5. Nc3 Nc6 6. Be3 Nf6 7. f3 O-O 8. Qd2 d5 9. Nxc6 bxc6 10. e5 Nd7 11. f4 e6 12. Be2 c5 13. Bf2 Qe7 14. O-O Bb7 15. Nb5 f6 16. Nd6 Bc6 17. Qa5 fxe5 18. Qc7 Ba4 19. b3 exf4 20. bxa4 Bxa1 21. Rxa1 Qg7 22. Re1 c4 23. Bg4 e5 24. Qxd7 Qxd7 25. Bxd7 e4 26. Be6+ Kg7 27. Bd4+ Kh6 28. Bxd5 Rad8 29. Be5 g5 30. Nf7+ Rxf7 31. Bxf7 e3 32. Bxc4 Rd2 33. Bd3 Kh5 34. Bc3 Rxd3 35. cxd3 g4 36. h3 g3 37. Kf1 Kg5 38. Ke2 Kf5 39. Kf3 h5 40. Rb1 h4 41. Rb5+ Ke6 42. Kxf4 {[%emt 0:00:06] Kd5 Ke4+} 1-0

[Event "IIFL Wealth 4th Mumbai Open"]
[Site "Mumbai"]
[Date "2019.01.03"]
[Round "5"]
[White "Nehete Arnav"]
[Black "Raghav, Srivathsav V"]
[Result "0-1"]
[ECO "E61"]
[WhiteElo "1544"]
[BlackElo "2056"]
[Annotator "NA"]
[PlyCount "165"]
[EventDate "2018.12.30"]
[EventType "swiss"]
[EventCountry "IND"]
[SourceTitle "playchess.com"]
[Source "ChessBase"]
[SourceQuality "1"]
[TimeControl "40/5400+30:1800+30"]

1. d4 Nf6 2. c4 g6 3. Nc3 Bg7 4. Nf3 O-O 5. Bg5 h6 6. Bh4 d6 7. e3 g5 8. Bg3 Nh5 9. Bd3 f5 10. Qc2 Nc6 11. Qd1 Nb8 12. Qc2 Nc6 13. Qd1 Nb8 14. Qc2 Nc6 15. Qd1 Nb8 16. Qc2 Nc6 17. Qd1 Nb8 18. Qc2 Nc6 19. Qd1 Nb8 20. Qc2 Nc6 21. Qd1 Nb8 22. Qc2 Nc6 23. Qd1 Nb8 24. Qc2 Nc6 25. Qd1 Nb8 26. Qc2 Nc6 27. Qd1 Nb8 28. Qc2 Nc6 29. Qd1 Nb8 30. Qc2 Nc6 31. Qd1 Nb8 32. Qc2 Nc6 33. Qd1 Nb8 34. Qc2 Nc6 35. Qd1 Nb8 36. Qc2 Nc6 37. Qd1 Nb8 38. Qc2 Nc6 39. Qd1 Nb8 40. Qc2 Nc6 41. Qd1 Nb8 42. Qc2 Nc6 43. Qd1 Nb8 44. Qc2 Nc6 45. Qd1 Nb8 46. Qc2 Nc6 47. Qd1 Nb8 48. Qc2 Nc6 49. Qd1 Nb8 50. Qc2 Nc6 51. Qd1 Nb8 52. Qc2 Nc6 53. Qd1 Nb8 54. Qc2 Nc6 55. Qd1 Nb8 56. Qc2 Nc6 57. Qd1 Nb8 58. Qc2 Nc6 59. Qd1 Nb8 60. Qc2 Nc6 61. Qd1 Nb8 62. Qc2 Nc6 63. O-O-O Nb4 64. Qe2 Nc6 65. Qc2 Nb4 66. Qe2 Nc6 67. Qc2 Nb4 68. Qe2 Nc6 69. Qc2 Nb4 70. Qe2 Nc6 71. Qc2 Nb4 72. Qe2 Nxd3+ 73. Qxd3 c6 74. Ne2 Qa5 75. Nc3 Qd8 76. Ne2 Qa5 77. a3 e5 78. b4 Qc7 79. Qb3 Qa5 80. Qd3 Qc7 81. Qb3 Qa5 82. Qd3 Qc7 83. Qb3 0-1

[Event "IIFL Wealth 4th Mumbai Open"]
[Site "Mumbai"]
[Date "2019.01.03"]
[Round "5"]
[White "Rushyendra Chowdary Kantipudi"]
[Black "Krishnan, Ritvik"]
[Result "1-0"]
[ECO "B34"]
[WhiteElo "1527"]
[BlackElo "1812"]
[Annotator "NA"]
[PlyCount "132"]
[EventDate "2018.12.30"]
[EventType "swiss"]
[EventCountry "IND"]
[SourceTitle "playchess.com"]
[Source "ChessBase"]
[SourceQuality "1"]
[TimeControl "40/5400+30:1800+30"]

1. e4 c5 2. Nf3 Nc6 3. d4 cxd4 4. Nxd4 Nf6 5. Nf3 Ng8 6. Nd4 Nf6 7. Nf3 Ng8 8. Nd4 Nf6 9. Nf3 Ng8 10. Nd4 Nf6 11. Nf3 Ng8 12. Nd4 Nf6 13. Nf3 Ng8 14. Nd4 Nf6 15. Nf3 Ng8 16. Nd4 Nf6 17. Nc3 e5 18. Ndb5 d6 19. Bg5 a6 20. Bxf6 gxf6 21. Na3 f5 22. Bc4 Bg7 23. Bf1 Bf8 24. Bc4 Bg7 25. Bf1 Bf8 26. Bc4 Bg7 27. Qh5 Bf8 28. Qd1 Bg7 29. Qh5 Bf8 30. Qd1 Bg7 31. Qh5 O-O 32. exf5 Nd4 33. Bd3 Nc6 34. Bc4 Nd4 35. Bd3 Nc6 36. Bc4 Nd4 37. Bd3 Nc6 38. Bc4 Nd4 39. Bd3 Nc6 40. Bc4 Nd4 41. Bd3 Nc6 42. Bc4 Nd4 43. Bd3 Nc6 44. Bc4 Nd4 45. Bd3 Nc6 46. Bc4 Nd4 47. Bd3 Nc6 48. Bc4 Nd4 49. Bd3 Nc6 50. Bc4 Nd4 51. Bd3 Nc6 52. Bc4 Nd4 53. Bd3 Nc6 54. Bc4 Nd4 55. Bd3 Nc6 56. Bc4 Nd4 57. Bd3 Nc6 58. Bc4 Nd4 59. Bd3 Nc6 60. Bc4 Nd4 61. Bd3 Nc6 62. Bc4 Nd4 63. Bd3 f6 64. O-O b5 65. Nd5 Bd7 66. c3 Nc6 1-0